 Dungeon Crawl Stone Soup version 0.28-a0-1114-g8eb0198dcf (webtiles) character file.

Game seed: 9055637720579001178

32 Froggeryz the Cudgeller (level 3, -3/23 HPs)
             Began as a Gargoyle Cinder Acolyte on Dec 11, 2021.
             Was a High Priest of Ignis.
             Slain by a gnoll (5 damage)
             ... on level 1 of the Dungeon.
             The game lasted 00:02:54 (1740 turns).

Froggeryz the Cudgeller (Gargoyle Cinder Acolyte)   Turns: 1740, Time: 00:02:54

Health: -3/23      AC:  6    Str: 19    XL:     3   Next: 27%
Magic:  4/4        EV: 11    Int: 14    God:    Ignis [*****.]
Gold:   17         SH:  0    Dex:  5    Spells: 4/4 levels left

rFire   + . .      SeeInvis .   a - -1 mace (flame)
rCold   . . .      Faith    .   (no shield)
rNeg    + . .      Spirit   .   h - +0 leather armour
rPois   ∞          Reflect  .   (no helmet)
rElec   +          Harm     .   (no cloak)
rCorr   .          Rampage  .   (no gloves)
Will    .....                   (no boots)
Stlth   +.........              (no amulet)
HPRegen 0.07/turn               (no ring)
MPRegen 0.09/turn               (no ring)

@: no status effects
A: sickness immunity, AC +3, negative energy resistance 1, electricity
resistance, torment resistance 1, petrification resistance
a: Renounce Religion, Fiery Armour, Foxfire Swarm, Rising Flame


You were on level 1 of the Dungeon.
You worshipped Ignis.
Ignis was extremely pleased with you.
You visited 1 branch of the dungeon, and saw 2 of its levels.

You collected 17 gold pieces.

Inventory:

Hand Weapons
 a - a -1 mace of flaming (weapon)
Missiles
 d - 16 poisoned darts (quivered)
Armour
 h - a +0 leather armour (worn)
Scrolls
 b - a scroll of identify {unknown}
 g - a scroll of silence {unknown}
 i - a scroll of teleportation {unknown}
Potions
 c - a potion of haste {unknown}
 e - a potion of might {unknown}
 f - a potion of curing {unknown}


   Skills:
 - Level 3.2 Fighting
 + Level 4.2 Maces & Flails
 - Level 0.2 Dodging
 - Level 1.0 Spellcasting
 - Level 3.0 Fire Magic


You had 4 spell levels left.
You didn't know any spells.
Your spell library contained the following spells:

 Spells                   Type           Power      Damage    Failure   Level
 Scorch                   Fire           18%        2d6       14%         2


Dungeon Overview and Level Annotations

Branches:
Dungeon (2/15)

Altars:

Shops:
D:1 (?*[!


Innate Abilities, Weirdness & Mutations

You are immune to sickness and miasma.
Your stone body is resilient. (AC +3)
You are immune to poison.
You resist negative energy. (rN+)
You are resistant to electric shocks. (rElec)
You are resistant to unholy torment.
You are immune to petrification.


Message History

You open the door.
There is an open door here.
There is an open door here.
You now have 17 gold pieces (gained 9).
A gnoll comes into view. It is wielding a +0 flail.
The gnoll shouts!
A gnoll comes into view. It is wielding a +0 spear.
There are monsters nearby!
A gnoll comes into view. It is wielding a +0 club.
The gnoll shouts! x2
The gnoll barely misses you. The gnoll hits you but does no damage.
There is an escape hatch in the ceiling here.
The gnoll barely misses you. The gnoll hits you but does no damage.
A mysterious force pulls you upwards. The hatch slams shut behind you.
You hit the gnoll. You burn the gnoll.
The gnoll is heavily wounded.
The gnoll hits you with a +0 flail.
You hit the gnoll but do no damage.
The gnoll is heavily wounded.
The gnoll hits you with a +0 flail. The gnoll closely misses you.
You hit the gnoll but do no damage.
The gnoll is heavily wounded.
The gnoll hits you with a +0 flail.
You are too injured to fight recklessly!
You barely miss the gnoll.
The gnoll is heavily wounded.
The gnoll closely misses you.
You barely miss the gnoll.
The gnoll is heavily wounded.
The gnoll hits you with a +0 flail.
* * * LOW HITPOINT WARNING * * *
You closely miss the gnoll.
The gnoll is heavily wounded.
The gnoll hits you with a +0 flail.
* * * LOW HITPOINT WARNING * * *
You hit the gnoll. You burn the gnoll.
The gnoll is severely wounded.
The gnoll hits you with a +0 flail.
You die...

### #.# #.#
########.#
#...@g...#
#.######.# #.#
#.# #.# #.#
#.# #.# #.#
#.############
#.#
#.............
#.#
#.############
#.#
#.############


You could see a gnoll.

Vanquished Creatures
  A worm (D:2)
  A dart slug (D:1)
  3 endoplasms (D:1)
  4 goblins (D:1)
  3 hobgoblins (D:1)
  2 kobolds (D:1)
  2 quokkas (D:1)
  4 ball pythons (D:1)
  2 bats (D:1)
  3 frilled lizards (D:1)
  2 rats (D:1)
27 creatures vanquished.

Vanquished Creatures (others)
  4 toadstools (D:1)
4 creatures vanquished.

Grand Total: 31 creatures vanquished

Notes
Turn   | Place    | Note
-------+----------+-------------------------------------------
     0 | D:1      | Froggeryz the Gargoyle Cinder Acolyte began the quest for
                  | the Orb.
     0 | D:1      | Reached XP level 1. HP: 14/14 MP: 2/2
   265 | D:1      | Reached XP level 2. HP: 19/19 MP: 3/3
   358 | D:1      | Found Ofaili's Antique Weapon Boutique.
   745 | D:1      | Found Esuu's Magic Scroll Shop.
   796 | D:1      | Found Erpheheed's Assorted Antiques.
  1172 | D:1      | Reached skill level 4 in Maces & Flails
  1192 | D:1      | Found Nusses's Armour Shop.
  1204 | D:1      | Reached XP level 3. HP: 23/23 MP: 4/4
  1246 | D:1      | Found Raag's Distillery.
  1740 | D:1      | Slain by a gnoll

Illustrated notes

Levels and vault maps discovered:
D:1:      ldierk_walled_garden_2, layout_basic, serial_shops, shop,
          nicolae_shop_hallway_plus, nicolae_shop_crystal, shop, shop
D:2:      kennysheep_six_static_rooms, layout_basic,
          shapermc_ecumenical_altar_starsandcircs, small_statue_intersection

Skill      XL: |  1  2 |
---------------+-------+-----
Maces & Flails | 4 |  4.2
Fighting       | |  3.2
Dodging        | |  0.2
Spellcasting   | |  1.0
Fire Magic     | |  3.0

Action                   || total
-------------------------++-------
Melee: Mace              ||    98
Armor: Robe              ||    39
       Leather armour    ||     6
Dodge: Dodged            ||    51

Table legend: (Time is in decaauts)
 A = Elapsed time spent in this place.
 B = Non-inter-level travel time spent in this place.
 C = Inter-level travel time spent in this place.
 D = Time resting spent in this place.
 E = Time spent auto-exploring this place.
 F = Levels seen in this place.
 G = Mean time per level.
                   A        B        C        D        E       F      G
               +--------+--------+--------+--------+--------+-----+--------+
         Total |   1763 |   1696 |     67 |    373 |   1086 |   2 |  881.5 |
       Dungeon |   1763 |   1696 |     67 |    373 |   1086 |   2 |  881.5 |
               +--------+--------+--------+--------+--------+-----+--------+

Top non-repeatable levels by time:
     D:1: 1657 daAuts
     D:2: 105 daAuts
